 Dungeon Crawl Stone Soup version 0.31.0-11-ge490571c62 (webtiles) character file.

Game seed: 11551451734139777281

9 browni3141 the Firebug (level 2, 0/19 HPs)
             Began as a Demonspawn Fire Elementalist on Jan 30, 2024.
             Slain by a ball python (2 damage)
             ... on level 1 of the Dungeon.
             The game lasted 00:00:28 (688 turns).

browni3141 the Firebug (DsFE)                        Turns: 688, Time: 00:00:29

Health: 0/19       AC:  2    Str:  8    XL:     2   Next: 3%
Magic:  4/5        EV:  9    Int: 15    God:
Gold:   24         SH:  0    Dex: 13    Spells: 4/5 levels left

rFire   . . .        (no weapon)
rCold   . . .        (no shield)
rNeg    . . .        a - +0 robe
rPois   .            (no helmet)
rElec   .            (no cloak)
rCorr   .            (no gloves)
SInv    .            (no boots)
Will    .....        (no amulet)
Stlth   ++           (no ring)
HPRegen 0.23/turn    (no ring)
MPRegen 0.09/turn

%: no passive effects
@: constricted
A: demonic magic 1
a: no special abilities


You were on level 1 of the Dungeon.
You visited 1 branch of the dungeon, and saw 1 of its levels.

You collected 24 gold pieces.

Inventory:

Armour
 a - a +0 robe (worn)
Scrolls
 c - a scroll of teleportation {unknown}
Potions
 b - a potion of magic
 d - a potion of brilliance {unknown}


   Skills:
 + Level 1.9 Dodging
 + Level 2.0 Stealth
 + Level 2.1 Spellcasting
 + Level 1.2 Conjurations
 + Level 2.8 Fire Magic


You had 4 spell levels left.
You knew the following spells:

 Your Spells              Type           Power      Damage    Failure   Level
a - Foxfire               Conj/Fire      28%        2x1d5     10%         1

Your spell library contained the following spells:

 Spells                   Type           Power      Damage    Failure   Level
 Scorch                   Fire           20%        2d5       11%         2
 Inner Flame              Hex/Fire       5%         N/A       36%         3
 Volatile Blastmotes      Fire/Tloc      10%        2d10      36%         3
 Flame Wave               Conj/Fire      7%         2d5       67%         4


Dungeon Overview and Level Annotations

Branches:
Dungeon (1/15)

Altars:

Shops:
D:1 [


Innate Abilities, Weirdness & Mutations

Spells you cast may paralyse adjacent enemies.


Message History

A rat is nearby!
You conjure some foxfire!
You conjure some foxfire!
Your foxfire dissipates!
The foxfire hits the rat.
You kill the rat!
Your foxfire dissipates!
Your foxfire dissipates!
A ball python comes into view.
A ball python is nearby!
A ball python is nearby!
A ball python is nearby!
You conjure some foxfire!
You conjure some foxfire!
The foxfire hits the ball python.
You kill the ball python!
Your foxfire dissipates!
A hobgoblin comes into view.
A hobgoblin is nearby!
A hobgoblin is nearby!
A hobgoblin is nearby!
You conjure some foxfire!
You conjure some foxfire!
The foxfire hits the hobgoblin.
The hobgoblin is moderately wounded.
The hobgoblin shouts!
The foxfire hits the hobgoblin but does no damage.
The hobgoblin is moderately wounded.
Your foxfire dissipates!
You conjure some foxfire!
You are out of magic!
You are out of magic!
The foxfire hits the hobgoblin.
The hobgoblin is heavily wounded.
The foxfire hits the hobgoblin.
The hobgoblin is almost dead.
You are out of magic!
A giant cockroach comes into view.
You conjure some foxfire!
The foxfire hits the hobgoblin.
You kill the hobgoblin!
The foxfire hits the giant cockroach.
The giant cockroach is severely wounded.
Your Stealth skill increases to level 2!
You have reached level 2!
Your demonic ancestry asserts itself...
A menacing aura infuses your magic.
A ball python comes into view.
The giant cockroach bites you but does no damage.
The giant cockroach closely misses you. The giant cockroach bites you.
The giant cockroach barely misses you. The giant cockroach misses you.
The giant cockroach bites you. The giant cockroach barely misses you.
The giant cockroach bites you. The giant cockroach misses you.
The giant cockroach bites you but does no damage.
The ball python hisses angrily.
The giant cockroach barely misses you. The giant cockroach closely misses you.
The giant cockroach misses you. The giant cockroach closely misses you.
The giant cockroach bites you. The giant cockroach misses you.
The giant cockroach bites you but does no damage. x2
The giant cockroach misses you. The giant cockroach closely misses you.
The giant cockroach bites you.
The giant cockroach completely misses you.
The giant cockroach barely misses you. The giant cockroach bites you.
The giant cockroach barely misses you. The giant cockroach closely misses you.
The giant cockroach closely misses you. The giant cockroach closely misses you.
The giant cockroach closely misses you. The giant cockroach misses you.
The giant cockroach misses you. The giant cockroach barely misses you.
The giant cockroach waves its antennae.
The giant cockroach bites you.
The giant cockroach bites you but does no damage.
The giant cockroach bites you but does no damage.
The giant cockroach closely misses you. The giant cockroach closely misses you.
The giant cockroach closely misses you. The giant cockroach bites you.
The giant cockroach closely misses you. The giant cockroach bites you.
The giant cockroach bites you but does no damage.
The giant cockroach bites you.
The giant cockroach bites you but does no damage.
The ball python closely misses you. x2
The giant cockroach barely misses you. The ball python closely misses you.
The ball python grabs you. The ball python constricts you.
The giant cockroach bites you. The ball python closely misses you.
The ball python constricts you. The giant cockroach bites you.
The ball python barely misses you. The ball python constricts you.
The giant cockroach bites you but does no damage.
The ball python bites you. The ball python constricts you.
The giant cockroach bites you but does no damage.
The ball python bites you. The ball python constricts you.
The giant cockroach bites you. The ball python bites you.
You die...

##.##### #......# #..#####
####################..#
#.......^..)..........#
###.#######.#.###.....#.#
#.#.#######.#.....###(#.####...
#.#...........##..#............
#...............@B...†..###....
#.#.##...........S#...#..... ..
..........#.......#...#.###..
#.#.....#.#.......#.###.#
#.#.......#.......... ..# #.#
#.#.................# #####.#
..#.#.......#...###.. ...# ###
#.#....##...#...###.# #..# #..
............#..... #..# #..


You could see a giant cockroach and a ball python.

Vanquished Creatures
  An endoplasm (D:1)
  2 hobgoblins (D:1)
  A quokka (D:1)
  2 ball pythons (D:1)
  A goblin (D:1)
  A kobold (D:1)
  A rat (D:1)
9 creatures vanquished.

Vanquished Creatures (others)
  29 foxfires (D:1)
29 creatures vanquished.

Grand Total: 38 creatures vanquished

Notes
Turn   | Place    | Note
-------+----------+-------------------------------------------
     0 | D:1      | browni3141 the Demonspawn Fire Elementalist began the quest
                  | for the Orb.
     0 | D:1      | Reached XP level 1. HP: 13/13 MP: 3/3
   483 | D:1      | Found Cezximai's Armour Shop.
   644 | D:1      | Gained mutation: Spells you cast may paralyse adjacent
                  | enemies. [demonic ancestry]
   644 | D:1      | Reached XP level 2. HP: 19/19 MP: 0/5
   688 | D:1      | Slain by a ball python

Illustrated notes

Levels and vault maps discovered:
D:1:      grunt_arrival_crossed_arrows, layout_basic, serial_shops, shop

Skill      XL: |  1 |
---------------+----+-----
Stealth        | 2 |  2.0
Dodging        | |  1.9
Spellcasting   | |  2.1
Conjurations   | |  1.2
Fire Magic     | |  2.8

Action                     || total
---------------------------++-------
   Cast: Foxfire           ||    18
 Armour: Robe              ||    27
  Dodge: Dodged            ||    35
